 Dungeon Crawl Stone Soup version 0.28-a0-305-g9e858e973b (webtiles) character file.

Game seed: 2259528081822151816

172 Shayle the Insei (level 5, 0/38 HPs)
             Began as a Djinni Warper on Aug 30, 2021.
             Slain by a crimson imp (1 damage)
             ... summoned by Natasha
             ... on level 3 of the Dungeon.
             The game lasted 00:04:52 (3713 turns).

Shayle the Insei (Djinni Warper)                    Turns: 3713, Time: 00:04:52

Health: 0/38       AC:  3    Str: 10    XL:     5   Next: 82%
Gold:   77         EV: 11    Int: 15    God:
                   SH:  0    Dex: 13

rFire   + + .      SeeInvis .     - Unarmed
rCold   x . .      Faith    .   (no shield)
rNeg    . . .      Spirit   .   a - +0 leather armour
rPois   ∞          Reflect  .   (no helmet)
rElec   .          Harm     .   (no cloak)
rCorr   .          Rampage  .   (no gloves)
Will    .....                   (boots unavailable)
Stlth   +.........              (no amulet)
HPRegen 0.12/turn               (no ring)
MPRegen 0.00/turn               (no ring)

@: flying, hasted and slowed
A: sickness immunity, fire resistance 2, cold vulnerability 1, float, innate
caster, hp casting, extra vitality 1
a: no special abilities


You were on level 3 of the Dungeon.
You visited 1 branch of the dungeon, and saw 3 of its levels.

You collected 77 gold pieces.

Inventory:

Missiles
 k - 14 sling bullets
Armour
 a - a +0 leather armour (worn)
 e - a +0 buckler
Scrolls
 b - a scroll of blinking
 d - 2 scrolls of enchant weapon
 f - 2 scrolls of magic mapping
 g - a scroll of fear {unknown}
 h - a scroll of teleportation {unknown}
 i - 2 scrolls of identify
 l - a scroll of immolation {unknown}
Potions
 c - a potion of flight {unknown}


   Skills:
 - Level 2.0 Fighting
 - Level 0.7 Throwing
 - Level 1.0 Armour
 - Level 2.1 Dodging
 + Level 5.5 Unarmed Combat
 - Level 2.4 Spellcasting


You couldn't memorise any spells.
You knew the following spells:

 Your Spells              Type           Power      Damage    Failure   Level
a - Blink                 Tloc           N/A        N/A       16%         2
b - Lesser Beckoning      Tloc           9%         N/A       32%         3
c - Gell's Gravitas       Tloc           4%         N/A       32%         3
d - Teleport Other        Tloc           9%         N/A       32%         3
e - Manifold Assault      Tloc           9%         N/A       96%         5
f - Freeze                Ice            36%        1d6       11%         1
g - Wereblood             Tmut           9%         N/A       16%         2
Your spell library was empty.

Dungeon Overview and Level Annotations

Branches:
Dungeon (3/15)

Altars:
Yredelemnul

Annotations:
D:3 Natasha


Innate Abilities, Weirdness & Mutations

You are immune to sickness and miasma.
You are immune to poison.
Your flesh is very heat resistant. (rF++)
You are vulnerable to cold. (rC-)
You float through the air rather than walking.
You learn spells naturally, not from books.
Your magical power is your life essence.
You have superior vitality. (+4 HP)


Message History

Natasha casts a spell.
You closely miss Natasha. Natasha claws you.
The crimson imp blinks!
You closely miss Natasha.
The crimson imp hits you but does no damage.
Natasha claws you.
You hit Natasha.
Natasha is lightly wounded.
The crimson imp misses you. Natasha claws you!
You hit Natasha but do no damage.
Natasha is lightly wounded.
The crimson imp hits you but does no damage.
Natasha claws you.
You barely miss Natasha.
Natasha is lightly wounded.
The crimson imp hits you but does no damage.
Natasha casts a spell at you.
You feel yourself slow down.
You barely miss Natasha.
Natasha is lightly wounded.
The crimson imp closely misses you. Natasha closely misses you.
You closely miss Natasha.
Natasha is lightly wounded.
The crimson imp hits you but does no damage.
Natasha claws you but does no damage.
The crimson imp hits you but does no damage.
You punch Natasha!
Natasha is severely wounded.
Natasha stares at you and mumbles some strange words.
The magic dart hits you!
* * * LOW HITPOINT WARNING * * *
The crimson imp shouts, "Slither home, thou euchred roguish slime mould!"
The crimson imp blinks!
The crimson imp hits you.
* * * LOW HITPOINT WARNING * * *
Natasha claws you.
* * * LOW HITPOINT WARNING * * *
It was a potion of haste.
You feel yourself speed up. The crimson imp barely misses you.
Natasha claws you.
* * * LOW HITPOINT WARNING * * *
The crimson imp hits you.
You die...

#...#...# #.#.#.#.# #.#...#†#####
..#####.....# ..#####.....######
#.#...#.###......# #.#.#.#.#
######.# #...#.#.# #5# #########
#@# ######## ##.########h#
#......## ######.........#§#
#.###...## ..........####.#5#
#.##.....## .#####...##
#.#.###.#.......####
.######.######.......h.5.........
.........#...........#.......####
..#####..#.###....#.###.....####
#.# #.....##.#...............##


You could see Natasha and 2 crimson imps.

Vanquished Creatures
  A hound (D:3)
  Jessica (D:3)
  Natasha (twice) (D:3)
  An adder (D:3)
  A dart slug (D:1)
  2 orcs (D:3)
  5 endoplasms
  4 goblins
  3 hobgoblins
  4 jackals (D:2)
  A quokka (D:1)
  4 ball pythons
  A bat (D:1)
  8 frilled lizards
  13 kobolds
  7 rats
58 creatures vanquished.

Notes
Turn   | Place    | Note
-------+----------+-------------------------------------------
     0 | D:1      | Shayle the Djinni Warper began the quest for the Orb.
     0 | D:1      | Reached XP level 1. HP: 18/18 MP: 0/0
   340 | D:1      | Reached XP level 2. HP: 23/23 MP: 0/0
   519 | D:1      | Reached skill level 3 in Unarmed Combat
   751 | D:1      | Found a faded altar of an unknown god.
   763 | D:1      | Reached XP level 3. HP: 24/28 MP: 0/0
   763 | D:1      | Learned a level 1 spell: Freeze
  1351 | D:2      | Found a basalt altar of Yredelemnul.
  2494 | D:3      | Noticed Natasha
  2509 | D:3      | Killed Natasha
  2510 | D:3      | Reached skill level 4 in Unarmed Combat
  2510 | D:3      | Reached XP level 4. HP: 21/33 MP: 0/0
  2783 | D:3      | Reached XP level 5. HP: 5/38 MP: 0/0
  2783 | D:3      | Learned a level 2 spell: Wereblood
  3082 | D:3      | Noticed Jessica
  3087 | D:3      | Killed Jessica
  3088 | D:3      | Reached skill level 5 in Unarmed Combat
  3333 | D:3      | Noticed Natasha
  3340 | D:3      | Killed Natasha
  3687 | D:3      | Noticed Natasha
  3713 | D:3      | HP: 1/38 [Natasha (3)]
  3713 | D:3      | Slain by a crimson imp

Illustrated notes

Levels and vault maps discovered:
D:1:      saegor_arrival_miasma, layout_loops_ring, basic_ecumenical_altar
D:2:      layout_loops_ring, basic_altar, minmay_tree_intersection,
          minmay_misc_feat_cross
D:3:      layout_loops_ring, minmay_liquid_box, bh_walls_and_bars, uniq_jessica,
          uniq_natasha

Skill      XL: |  1  2  3  4  5 |
---------------+----------------+-----
Unarmed Combat | 3 4 5 |  5.5
Fighting       | |  2.0
Throwing       | |  0.7
Armour         | |  1.0
Dodging        | |  2.1
Spellcasting   | |  2.4

Action                   |  1- 3 |  4- 6 || total
-------------------------+-------+-------++-------
Melee: Unarmed           |   149 |    66 ||   215
       Punch             |     2 |     1 ||     3
Throw: Boomerang         |     5 |       ||     5
 Cast: Freeze            |       |     1 ||     1
  Use: Scroll            |     2 |       ||     2
       Potion            |     1 |     1 ||     2
 Stab: Sleeping          |     1 |     1 ||     2
Armor: Leather armour    |    26 |    17 ||    43
       Skin              |     2 |       ||     2
Dodge: Dodged            |    68 |    30 ||    98

Table legend: (Time is in decaauts)
 A = Elapsed time spent in this place.
 B = Non-inter-level travel time spent in this place.
 C = Inter-level travel time spent in this place.
 D = Time resting spent in this place.
 E = Time spent auto-exploring this place.
 F = Levels seen in this place.
 G = Mean time per level.
                   A        B        C        D        E       F      G
               +--------+--------+--------+--------+--------+-----+--------+
         Total |   3700 |   3664 |     36 |    800 |   2281 |   3 | 1233.3 |
       Dungeon |   3700 |   3664 |     36 |    800 |   2281 |   3 | 1233.3 |
               +--------+--------+--------+--------+--------+-----+--------+

Top non-repeatable levels by time:
     D:3: 1327 daAuts
     D:1: 1269 daAuts
     D:2: 1103 daAuts
